 Dungeon Crawl Stone Soup version 0.23-a0-461-gff60f6859b (webtiles) character file.

7492 AxeAttX the Cleaver (level 10, 0/92 HPs)
             Began as a Deep Dwarf Fighter on Nov 26, 2018.
             Was a Follower of Makhleb.
             Slain by a four-headed hydra (4 damage)
             ... on level 1 of the Lair of Beasts.
             The game lasted 00:08:43 (4841 turns).

AxeAttX the Cleaver (Deep Dwarf Fighter)            Turns: 4841, Time: 00:08:44

Health: 0/92       AC: 16    Str: 22    XL:     10   Next: 95%
Magic:  0/0        EV:  7    Int: 10    God:    Makhleb [*.....]
Gold:   305        SH:  0    Dex: 12    Spells: 9/9 levels left

rFire    . . .     SeeInvis .   m - +3 dire flail
rCold    . . .     Gourm    .   (shield currently unavailable)
rNeg     . . .     Faith    .   h - +0 plate armour
rPois    .         Spirit   .   f - +0 helmet
rElec    .         Reflect  .   (no cloak)
rCorr    .         Harm     .   x - +0 pair of gloves of Shielding {Stlth+}
MR       +....                  (no boots)
Stlth    ..........             (no amulet)
HPRegen  0.00/turn              (no ring)
MPRegen  0.07/turn              (no ring)

@: non-regenerating
A: damage resistance, heal wounds, sense surroundings 2, no regeneration
a: Heal Wounds, Renounce Religion


You were on level 1 of the Lair of Beasts.
You worshipped Makhleb.
Makhleb was aware of your devotion.
You were not hungry.

You visited 3 branches of the dungeon, and saw 10 of its levels.

You collected 305 gold pieces.

Inventory:

Hand Weapons
 a - a +0 war axe
 m - a +3 dire flail (weapon)
   (You took it off a wight on level 7 of the Dungeon)
Armour
 b - a +0 scale mail
 c - a +0 shield
 f - a +0 helmet (worn)
   (You found it on level 2 of the Dungeon)
 h - a +0 plate armour (worn)
   (You found it on level 1 of the Dungeon)
 x - the +0 pair of gloves of Shielding (worn) {Stlth+}
   (You found it on level 5 of the Dungeon)

   It makes you more stealthy.
Wands
 v - a wand of digging (5)
   (You found it on level 7 of the Dungeon)
Scrolls
 g - 3 scrolls of enchant armour {unknown}
 k - a scroll of enchant weapon {unknown}
 l - 2 scrolls of magic mapping
 p - 2 scrolls of immolation {unknown}
 r - a scroll of identify
 w - 5 scrolls of remove curse
Potions
 d - 2 potions of might
 i - a potion of flight {unknown}
 j - 2 potions of degeneration {unknown}
 n - a potion of agility {unknown}
 o - 3 potions of haste {unknown}
 q - 2 potions of curing
 s - 2 potions of heal wounds {unknown}
 A - a potion of ambrosia {unknown}
Comestibles
 e - 12 rations


   Skills:
 + Level 6.6 Fighting
 + Level 12.1 Axes
 + Level 0.9(7.2) Maces & Flails
 + Level 8.7 Armour
 + Level 2.2 Dodging
 + Level 0.9 Stealth
 + Level 9.0 Shields


You had 9 spell levels left.
You didn't know any spells.
Your spell library was empty.

Dungeon Overview and Level Annotations

Branches:
Dungeon (8/15)             Temple (1/1) D:7            Lair (1/6) D:8

Altars:
Ashenzari
Cheibriados
Dithmenos
Elyvilon
Fedhas
Gozag
Hepliaklqana
Kikubaaqudgha
Makhleb
Nemelex Xobeh
Okawaru
Ru
Sif Muna
Trog
Uskayaw
Vehumet
Wu Jian
Xom
Zin
The Shining One

Shops:
D:6 %


Innate Abilities, Weirdness & Mutations

You are resistant to damage.
You can heal yourself by infusing magical energy.
You passively map the area around you.
You do not regenerate.


Message History

You hit the seven-headed hydra.
The seven-headed hydra is lightly wounded.
You sock the seven-headed hydra!
The seven-headed hydra is lightly wounded.
The seven-headed hydra closely misses you.
The seven-headed hydra bites you! The seven-headed hydra bites you. x2
The seven-headed hydra bites you but does no damage. x3
You hit the seven-headed hydra.
The seven-headed hydra is lightly wounded.
The seven-headed hydra bites you but does no damage. x3
The seven-headed hydra bites you! The seven-headed hydra bites you.
The seven-headed hydra bites you but does no damage. x2
You puncture the seven-headed hydra!
The seven-headed hydra is moderately wounded.
The seven-headed hydra bites you.
The seven-headed hydra bites you but does no damage.
The seven-headed hydra closely misses you.
The seven-headed hydra bites you but does no damage. x2
The seven-headed hydra bites you.
The seven-headed hydra bites you but does no damage.
You puncture the seven-headed hydra!
The seven-headed hydra is heavily wounded.
The seven-headed hydra bites you but does no damage.
The seven-headed hydra bites you! The seven-headed hydra bites you. x2
The seven-headed hydra barely misses you.
The seven-headed hydra bites you but does no damage. x2
You are too injured to fight recklessly!
You are too injured to fight recklessly!
You are too injured to fight recklessly!
You are too injured to fight recklessly!
You are too injured to fight recklessly!
You are too injured to fight recklessly!
You are too injured to fight recklessly!
You are too injured to fight recklessly!
You are too injured to fight recklessly!
You are too injured to fight recklessly!
You are too injured to fight recklessly!
You are too injured to fight recklessly!
You are too injured to fight recklessly!
You are too injured to fight recklessly!
You are too injured to fight recklessly!
You are too injured to fight recklessly!
You are too injured to fight recklessly!
You puncture the seven-headed hydra!
The seven-headed hydra is heavily wounded.
The seven-headed hydra completely misses you.
The seven-headed hydra bites you.
The seven-headed hydra closely misses you.
The seven-headed hydra bites you but does no damage.
The seven-headed hydra barely misses you.
The seven-headed hydra bites you but does no damage.
The seven-headed hydra barely misses you.
You sock the seven-headed hydra!
The seven-headed hydra is almost dead.
The seven-headed hydra closely misses you.
The seven-headed hydra bites you but does no damage.
The seven-headed hydra bites you.
* * * LOW HITPOINT WARNING * * *
The seven-headed hydra bites you!
* * * LOW HITPOINT WARNING * * *
The seven-headed hydra bites you but does no damage.
The seven-headed hydra closely misses you.
The seven-headed hydra bites you but does no damage.
You barely miss the seven-headed hydra.
The seven-headed hydra is severely wounded.
The seven-headed hydra barely misses you.
The seven-headed hydra bites you but does no damage.
The seven-headed hydra bites you.
* * * LOW HITPOINT WARNING * * *
The seven-headed hydra closely misses you.
The seven-headed hydra bites you!
* * * LOW HITPOINT WARNING * * *
The seven-headed hydra bites you.
* * * LOW HITPOINT WARNING * * *
The seven-headed hydra bites you.
* * * LOW HITPOINT WARNING * * *
You sock the seven-headed hydra!
You kill the seven-headed hydra!
Makhleb accepts your kill.
Your Axes skill increases to level 12!
Your Shields skill increases to level 9!
You don't have enough innate magic capacity.
All of the chunks of flesh in your inventory have rotted away.
The four-headed hydra is too close now for your liking.
The four-headed hydra roars!
Your magical contamination has completely faded away.
You are no longer poisoned.
The four-headed hydra bites you.
The four-headed hydra bites you but does no damage. x3
The four-headed hydra barely misses you.
The four-headed hydra closely misses you.
The four-headed hydra bites you but does no damage.
The four-headed hydra bites you.
You bludgeon the four-headed hydra!!
The four-headed hydra is moderately wounded.
The four-headed hydra bites you but does no damage.
The four-headed hydra bites you.
* * * LOW HITPOINT WARNING * * *
The four-headed hydra bites you.
You die...

##**#** ####P##P#P
#........ ### ###
#.#..#.## ,
##.####.####.......#,.
#............#...#...#
##.####.#..##.#.#.#....
, #..#
####.##..D......# ≈ ,
#P.# #..#.#@..#.#.
##.## #.##.#.#...# ≈
#..# #.##...#...#. ,
#..# #.##.....#... ,,,,
#.## #..#..###.#.#.
##.# #.#........... ,,*
#..# #.#..P..##. . , *
##.# #.##....#* , #.##
#.####..# ,,* *


You could see a four-headed hydra.

Vanquished Creatures
  A hydra (Lair:1)
  Erica (D:8)
  3 spiny frogs (Lair:1)
  2 hippogriffs
  A wyvern (D:8)
  12 yaks (Lair:1)
  A basilisk (Lair:1)
  3 wargs (D:8)
  A water moccasin (Lair:1)
  2 sky beasts
  An ice beast (D:8)
  A phantom (D:6)
  2 orc warriors
  6 ogres
  A centaur (D:4)
  2 bullfrogs
  A big kobold (D:4)
  4 killer bees
  3 wights (D:7)
  3 crimson imps
  A bullfrog zombie (D:6)
  2 orc priests
  8 orc wizards
  2 iguanas (D:7)
  4 worker ants
  Robin (D:3)
  4 adders
  8 gnolls
  A shadow imp (D:7)
  2 oozes (D:4)
  4 worms
  A dart slug (D:1)
  A leopard gecko (D:1)
  26 orcs
  3 ball pythons
  4 giant cockroaches
  17 goblins
  5 hobgoblins
  6 jackals (D:8)
  3 kobolds
  3 quokkas
  A ball python skeleton (D:4)
  5 bats
  6 frilled lizards
  A leopard gecko skeleton (D:8)
  5 rats
175 creatures vanquished.

Vanquished Creatures (others)
  2 fungi (Lair:1)
  A plant (Lair:1)
3 creatures vanquished.

Grand Total: 178 creatures vanquished

Notes
Turn   | Place    | Note
-------+----------+-------------------------------------------
     0 | D:1      | AxeAttX the Deep Dwarf Fighter began the quest for the Orb.
     0 | D:1      | Reached XP level 1. HP: 20/20 MP: 1/1
   186 | D:1      | Reached XP level 2. HP: 21/27 MP: 2/2
   413 | D:2      | Reached skill level 3 in Fighting
   796 | D:2      | Reached XP level 3. HP: 24/34 MP: 3/3
  1106 | D:2      | Found a hide-covered altar of Uskayaw.
  1114 | D:2      | Reached skill level 3 in Axes
  1181 | D:2      | Found a sacrificial altar of Ru.
  1272 | D:3      | Noticed Robin
  1289 | D:3      | Killed Robin
  1308 | D:3      | Found an ornate altar of the Wu Jian Council.
  1308 | D:3      | Found an opulent altar of Gozag.
  1309 | D:3      | Found a shattered altar of Ashenzari.
  1369 | D:3      | Reached XP level 4. HP: 42/42 MP: 3/3
  1419 | D:3      | Reached skill level 4 in Armour
  1462 | D:3      | Reached skill level 4 in Axes
  1486 | D:3      | Reached XP level 5. HP: 46/49 MP: 4/4
  1684 | D:4      | Noticed a centaur
  1701 | D:4      | Killed a centaur
  1701 | D:4      | Reached skill level 5 in Axes
  1701 | D:4      | Reached skill level 4 in Shields
  1761 | D:4      | Reached XP level 6. HP: 44/56 MP: 5/5
  2017 | D:4      | Reached skill level 6 in Axes
  2115 | D:4      | You fall through a shaft for 3 floors!
  2124 | D:7      | Reached XP level 7. HP: 36/63 MP: 6/6
  2133 | D:7      | Found a bloodstained altar of Trog.
  2212 | D:7      | Found a sparkling altar of Nemelex Xobeh.
  2251 | D:7      | Found a staircase to the Ecumenical Temple.
  2261 | Temple   | Entered the Ecumenical Temple
  2400 | Temple   | Reached skill level 7 in Axes
  2400 | Temple   | Reached skill level 5 in Armour
  2409 | Temple   | Reached skill level 4 in Fighting
  2409 | Temple   | Reached skill level 5 in Shields
  2476 | D:7      | Noticed a hippogriff
  2478 | D:7      | Found an iron altar of Okawaru.
  2490 | D:7      | Killed a hippogriff
  2490 | D:7      | Reached XP level 8. HP: 29/72 MP: 3/3
  2751 | D:7      | Reached skill level 8 in Axes
  2861 | D:7      | Reached skill level 6 in Armour
  2861 | D:7      | Reached skill level 6 in Shields
  2882 | D:7      | Reached skill level 1 in Dodging
  3415 | D:6      | Gained mutation: You passively map the area around you.
                  | [Deep Dwarf growth]
  3415 | D:6      | Reached XP level 9. HP: 47/79 MP: 4/4
  3620 | D:6      | Found Deuvu's Food Boutique.
  3910 | D:5      | Entered Level 5 of the Dungeon
  3917 | D:5      | Found a burning altar of Makhleb.
  3918 | D:5      | Found a shimmering altar of Xom.
  3924 | D:5      | Reached skill level 9 in Axes
  3926 | D:5      | Became a worshipper of Makhleb the Destroyer
  4003 | D:5      | Found a white marble altar of Elyvilon.
  4071 | D:5      | Got a pair of scorched gloves
  4077 | D:5      | Identified the +0 pair of gloves of Shielding {Stlth+} (You
                  | found it on level 5 of the Dungeon)
  4222 | D:8      | Reached skill level 7 in Shields
  4247 | D:8      | Reached skill level 7 in Armour
  4261 | D:8      | Reached skill level 5 in Fighting
  4296 | D:8      | Reached * piety under Makhleb
  4394 | D:8      | Identified Witchery for Beginners
  4412 | D:8      | Noticed Erica
  4431 | D:8      | Killed Erica
  4431 | D:8      | Reached skill level 10 in Axes
  4474 | D:8      | Found a staircase to the Lair.
  4510 | Lair:1   | Entered Level 1 of the Lair of Beasts
  4522 | Lair:1   | Reached skill level 8 in Shields
  4522 | Lair:1   | Reached XP level 10. HP: 88/91 MP: 5/5
  4545 | Lair:1   | Reached skill level 11 in Axes
  4551 | Lair:1   | Reached skill level 2 in Dodging
  4624 | Lair:1   | Noticed a spiny frog
  4646 | Lair:1   | Reached skill level 6 in Fighting
  4657 | Lair:1   | Killed a spiny frog
  4657 | Lair:1   | Reached skill level 8 in Armour
  4672 | Lair:1   | Noticed a spiny frog
  4675 | Lair:1   | Noticed a four-headed hydra
  4754 | Lair:1   | Noticed a spiny frog
  4755 | Lair:1   | Noticed a spiny frog
  4783 | Lair:1   | Killed a spiny frog
  4792 | Lair:1   | Killed a spiny frog
  4794 | Lair:1   | Noticed a seven-headed hydra
  4821 | Lair:1   | HP: 9/92 [seven-headed hydra (7)]
  4822 | Lair:1   | Killed a seven-headed hydra
  4822 | Lair:1   | Reached skill level 12 in Axes
  4822 | Lair:1   | Reached skill level 9 in Shields
  4841 | Lair:1   | HP: 4/92 [four-headed hydra (1)]
  4841 | Lair:1   | Slain by a four-headed hydra

Vault maps used:
D:1:      lightli_arrival_quake, chequers_garden
D:2:      overflow_temple_1_default, nicolae_overflow_hidden_temple
D:3:      gammafunk_temple_overflow_forgotten, lemuel_crystal_altar,
          minmay_close_crescents, uniq_robin
D:4:      minmay_chambers_of_fours, nicolae_underground_beach
D:5:      minmay_bubble_buster, grunt_temple_overflow_champion_of_chaos,
          elyvilon_altar_4, serial_shops, kennysheep_mini, first_ration,
          serial_park_tiny_1
D:6:      serial_shops, shop, minmay_misc_feat_plants
D:7:      lemuel_coloured_pillars_altar, nicolae_overflow_crystal_walls,
          minmay_temple_entry_slanted, trog_butcher_becter
D:8:      marbit_many_paths, kennysheep_mini_moat, erik_lair_orcish_takeover,
          uniq_erica
Temple:   nicolae_temple_figure_zero
Lair:1:   ldierk_geyser, minivault_27

Skill      XL: |  1  2  3  4  5  6  7  8  9 10 |
---------------+-------------------------------+-----
Fighting       | 3 4 5 6 |  6.6
Axes           | 3 4 5 6 7 8 10 12 | 12.1
Armour         | 4 5 6 7 8 |  8.7
Shields        | 4 5 6 8 9 |  9.0
Dodging        | 1 2 |  2.2
Maces & Flails | |  0.9
Stealth        | |  0.9

Action                   |  1- 3 |  4- 6 |  7- 9 | 10-12 || total
-------------------------+-------+-------+-------+-------++-------
Melee: War axe           |   148 |   139 |   445 |   133 ||   865
       Dire flail        |       |       |       |    10 ||    10
 Abil: Heal Wounds       |     2 |     4 |    14 |    16 ||    36
  Use: Scroll            |       |     7 |       |     2 ||     9
  Eat: Chunk             |     2 |     2 |     9 |     2 ||    15
Armor: Scale mail        |    17 |       |       |       ||    17
       Plate armour      |    72 |    85 |   263 |   100 ||   520
Dodge: Dodged            |    39 |    18 |    76 |    32 ||   165
Block: Shield            |    83 |    72 |   261 |    82 ||   498

Table legend:
 A = Non-vault XP
 B = Vault XP
 C = Vault XP percentage of total XP
 D = Non-vault monster count
 E = Vault monster count
 F = Vault count percentage of total count
                 A         B        C        D         E       F
            +---------+---------+-------+---------+---------+-------
      Total |    8755 |    1949 |  18.2 |     145 |      30 |  17.1
            +---------+---------+-------+---------+---------+-------
        D:1 |      25 |       0 |   0.0 |      15 |       0 |   0.0
        D:2 |      29 |       0 |   0.0 |      14 |       0 |   0.0
        D:3 |     146 |      36 |  19.8 |      22 |      13 |  37.1
        D:4 |     309 |     134 |  30.2 |      14 |       4 |  22.2
        D:5 |      92 |      48 |  34.3 |       6 |       1 |  14.3
        D:6 |     769 |       0 |   0.0 |      21 |       0 |   0.0
        D:7 |    1010 |     232 |  18.7 |      13 |       4 |  23.5
        D:8 |     812 |    1499 |  64.9 |      18 |       8 |  30.8
     Temple |     255 |       0 |   0.0 |       3 |       0 |   0.0
     Lair:1 |    5308 |       0 |   0.0 |      19 |       0 |   0.0
            +---------+---------+-------+---------+---------+-------

Vault maps used:
D:1:      lightli_arrival_quake, chequers_garden
D:2:      overflow_temple_1_default, nicolae_overflow_hidden_temple
D:3:      gammafunk_temple_overflow_forgotten, lemuel_crystal_altar,
          minmay_close_crescents, uniq_robin
D:4:      minmay_chambers_of_fours, nicolae_underground_beach
D:5:      minmay_bubble_buster, grunt_temple_overflow_champion_of_chaos,
          elyvilon_altar_4, serial_shops, kennysheep_mini, first_ration,
          serial_park_tiny_1
D:6:      serial_shops, shop, minmay_misc_feat_plants
D:7:      lemuel_coloured_pillars_altar, nicolae_overflow_crystal_walls,
          minmay_temple_entry_slanted, trog_butcher_becter
D:8:      marbit_many_paths, kennysheep_mini_moat, erik_lair_orcish_takeover,
          uniq_erica
Temple:   nicolae_temple_figure_zero
Lair:1:   ldierk_geyser, minivault_27

Table legend:
 A = Turns spent in this place as a percentage of turns spent in the entire game.
 B = Non-inter-level travel turns spent in this place as a percentage of non-inter-level travel turns spent in the entire game.
 C = Inter-level travel turns spent in this place as a percentage of turns spent in this place.
 D = Turns resting spent in this place as a percentage of non-inter-level travel turns spent in this place.
 E = Turns spent auto-exploring this place as a percentage of non-inter-level travel turns spent in this place.
 F = Non-inter-level travel turns spent in this place divided by the number of levels of this place that you've seen.
                   A       B       C       D       E      F
               +-------+-------+-------+-------+-------+----------------------
         Total | 100.0 | 100.0 |   6.7 |   0.0 |  67.9 | 451.6
       Dungeon |  90.4 |  89.9 |   7.2 |   0.0 |  70.2 | 507.2
        Temple |   2.8 |   2.8 |   6.6 |   0.0 |  84.3 | 127.0
          Lair |   6.8 |   7.3 |   0.0 |   0.0 |  33.2 | 331.0
               +-------+-------+-------+-------+-------+----------------------

Table legend:
 A = Kills in this place as a percentage of kills in entire the game.
 B = Kills by you in this place as a percentage of kills by you in the entire game.
 C = Kills by friends in this place as a percentage of kills by friends in the entire game.
 D = Other kills in this place as a percentage of other kills in the entire game.
 E = Experience gained in this place as a percentage of experience gained in the entire game.
 F = Experience gained in this place divided by the number of levels of this place that you have seen.
                   A       B       C       D       E      F
               +-------+-------+-------+-------+-------+----------------------
         Total | 100.0 | 100.0 |   N/A |   N/A | 100.0 | 1070.4
       Dungeon |  87.4 |  87.4 |   N/A |   N/A |  48.0 | 642.6
        Temple |   1.7 |   1.7 |   N/A |   N/A |   2.4 | 255.0
          Lair |  10.9 |  10.9 |   N/A |   N/A |  49.6 | 5308.0
               +-------+-------+-------+-------+-------+----------------------
